 Dungeon Crawl Stone Soup version 0.27-a0-1105-g946c659c87 (webtiles) character file.

Game seed: 6393474583876521888

30 kae the Skirmisher (level 3, -1/33 HPs)
             Began as a Hill Orc Fighter on Apr 29, 2021.
             Succumbed to a scorpion's poison
             ... on level 2 of the Dungeon.
             The game lasted 00:00:38 (1140 turns).

kae the Skirmisher (Hill Orc Fighter)               Turns: 1140, Time: 00:00:38

Health: -1/33      AC:  7    Str: 25    XL:     3   Next: 20%
Magic:  3/3        EV:  7    Int:  8    God:
Gold:   81         SH:  9    Dex: 10    Spells: 2/2 levels left

rFire    . . .     SeeInvis .   a - +0 war axe
rCold    . . .     Faith    .   c - +0 kite shield
rNeg     . . .     Spirit   .   b - +0 scale mail
rPois    .         Reflect  .   (no helmet)
rElec    .         Harm     .   (no cloak)
rCorr    .         Rampage  .   (no gloves)
Will     .....                  (no boots)
Stlth    ..........             (no amulet)
HPRegen  0.11/turn              e - +6 ring of strength
MPRegen  0.08/turn              i - ring of flight

@: lethally poisoned (-1 -> -8), flying
A: no striking features
a: no special abilities


You were on level 2 of the Dungeon.
You visited 1 branch of the dungeon, and saw 2 of its levels.

You collected 81 gold pieces.

Inventory:

Hand Weapons
 a - a +0 war axe (weapon)
Missiles
 g - a throwing net (quivered)
Armour
 b - a +0 scale mail (worn)
 c - a +0 kite shield (worn)
Jewellery
 e - a +6 ring of strength (left hand)
 i - a ring of flight (right hand)
Scrolls
 h - a scroll of fog {unknown}
Potions
 d - a potion of might


   Skills:
 + Level 4.0 Fighting
 * Level 3.9 Axes
 + Level 3.7 Armour
 - Level 3.2 Shields


You had 2 spell levels left.
You didn't know any spells.
Your spell library was empty.

Dungeon Overview and Level Annotations

Branches:
Dungeon (2/15)

Altars:


Message History

You feel very sick.
The scorpion stings you but does no damage. x2
It was a potion of heal wounds.
You feel much better.
You feel sick. You block the scorpion's attack. The scorpion barely misses you.
You closely miss the scorpion.
The scorpion is lightly wounded.
You feel sick.
The scorpion stings you but does no damage.
You block the scorpion's attack.
You barely miss the scorpion.
The scorpion is lightly wounded.
You feel sick. The scorpion stings you.
The scorpion stings you but does no damage.
You slash the scorpion!
The scorpion is severely wounded.
You feel sick.
You are no longer poisoned.
The scorpion stings you but does no damage.
You hit the scorpion but do no damage.
The scorpion is severely wounded.
You block the scorpion's attack. The scorpion stings you.
You hit the scorpion.
The scorpion is almost dead.
The scorpion stings you.
* * * LOW HITPOINT WARNING * * *
You are lethally poisoned!
The scorpion poisons you! You block the scorpion's attack.
You barely miss the scorpion.
The scorpion is almost dead.
* * * LOW HITPOINT WARNING * * *
You feel very sick. The scorpion barely misses you.
You block the scorpion's attack.
Your shield prevents you from hitting the scorpion.
The scorpion is almost dead.
* * * LOW HITPOINT WARNING * * *
You feel very sick. The scorpion barely misses you.
You block the scorpion's attack.
You closely miss the scorpion.
The scorpion is almost dead.
You die...

......# #.# #####.# #.#
#.# #.# ### #.# #.# #..
#####.# #.# #.# ......#
#.## #.# ####..# #.#.##
#.# ####..##.###.###s#
........# ##.##@#
....####.# #..##.#
.<..#####.#.#..#.#######
...........##...........
...............#.#######
############.....# #
#..........# #
#.####.....# # #.....#


You could see a scorpion.

Vanquished Creatures
  A dart slug (D:1)
  An endoplasm (D:1)
  2 goblins (D:1)
  3 hobgoblins
  5 jackals (D:1)
  A quokka (D:2)
  2 ball pythons (D:1)
  4 bats (D:1)
  6 kobolds
  A rat (D:1)
26 creatures vanquished.

Notes
Turn   | Place    | Note
-------+----------+-------------------------------------------
     0 | D:1      | kae the Hill Orc Fighter began the quest for the Orb.
     0 | D:1      | Reached XP level 1. HP: 19/19 MP: 1/1
    31 | D:1      | Reached XP level 2. HP: 12/27 MP: 2/2
   708 | D:1      | Found a faded altar of an unknown god.
   713 | D:1      | Reached skill level 4 in Fighting
   713 | D:1      | Reached XP level 3. HP: 27/33 MP: 3/3
  1120 | D:2      | Noticed a scorpion
  1131 | D:2      | HP: 1/33 [poisoned by a scorpion]
  1139 | D:2      | HP: 1/33 [poisoned by a scorpion]
  1140 | D:2      | Succumbed to a scorpion's poison

Illustrated notes

Levels and vault maps discovered:
D:1:      dpeg_arrival_shelter, layout_loops_ring,
          ebering_ecumenical_altar_sacrificial
D:2:      layout_loops_ring

Skill      XL: |  1  2 |
---------------+-------+-----
Axes           | 3 |  3.9
Fighting       | 4 |  4.0
Armour         | |  3.7
Shields        | |  3.2

Action                   || total
-------------------------++-------
Melee: War axe           ||    75
  Use: Potion            ||     1
Armor: Scale mail        ||    55
Dodge: Dodged            ||    31
Block: Kite shield       ||    55

Table legend: (Time is in decaauts)
 A = Elapsed time spent in this place.
 B = Non-inter-level travel time spent in this place.
 C = Inter-level travel time spent in this place.
 D = Time resting spent in this place.
 E = Time spent auto-exploring this place.
 F = Levels seen in this place.
 G = Mean time per level.
                   A        B        C        D        E       F      G
               +--------+--------+--------+--------+--------+-----+--------+
         Total |   1180 |   1167 |     13 |      0 |    979 |   2 |  590.0 |
       Dungeon |   1180 |   1167 |     13 |      0 |    979 |   2 |  590.0 |
               +--------+--------+--------+--------+--------+-----+--------+

Top non-repeatable levels by time:
     D:1: 937 daAuts
     D:2: 243 daAuts
